 Dungeon Crawl Stone Soup version 0.32-a0-918-g0f22ef8d61 (webtiles) character file.

Game seed: 4388980200438129768

105 Griffin23 the Trooper (level 4, -15/41 HPs)
             Began as a Minotaur Fighter on Apr 10, 2024.
             Demolished by an ogre
             ... wielding a +0 giant club
              (21 damage)
             ... on level 3 of the Dungeon.
             The game lasted 00:02:22 (2091 turns).

Griffin23 the Trooper (Minotaur Fighter)            Turns: 2091, Time: 00:02:22

Health: -15/41     AC:  7    Str: 23    XL:     4   Next: 54%
Magic:  3/3        EV:  8    Int:  5    God:
Gold:   138        SH:  4    Dex:  9    Spells: 3/3 levels left

rFire   . . .        a - +0 long sword
rCold   . . .        c - +0 buckler
rNeg    . . .        b - +0 scale mail
rPois   .            (helmet restricted)
rElec   .            (no cloak)
rCorr   .            (no gloves)
SInv    .            (no boots)
Will    .....        h - amulet of the acrobat Stlth
                     (no ring)
HPRegen 0.26/turn    (no ring)
MPRegen 0.08/turn

%: acrobat
@: no status effects
A: horns 2, retaliatory headbutt
a: no special abilities


You were on level 3 of the Dungeon.
You visited 1 branch of the dungeon, and saw 3 of its levels.

You collected 164 gold pieces.
You spent 26 gold pieces at shops.

Inventory:

Hand Weapons
 a - a +0 long sword (weapon)
Missiles
 o - 5 boomerangs (quivered)
Armour
 b - a +0 scale mail (worn)
 c - a +0 buckler (worn)
Jewellery
 h - an amulet of the acrobat (around neck)
Scrolls
 e - 4 scrolls of poison
 i - a scroll of torment {unknown}
 j - a scroll of identify
 k - a scroll of silence {unknown}
 l - 2 scrolls of fog {unknown}
 m - a scroll of immolation {unknown}
 n - a scroll of revelation {unknown}
Potions
 d - a potion of might
 f - 2 potions of enlightenment {unknown}
 g - a potion of ambrosia {unknown}
 p - 2 potions of curing {unknown}
 q - a potion of cancellation {unknown}


   Skills:
 + Level 4.4 Fighting
 * Level 4.0 Long Blades
 + Level 4.3 Armour
 + Level 4.3 Shields


You had 3 spell levels left.
You didn't know any spells.
Your spell library contained the following spells:

 Spells                   Type           Power      Damage    Failure   Level
 Shock                    Conj/Air       0%         1d3       85%         1
 Swiftness                Air            0%         N/A       99%         3
 Airstrike                Air            0%         2d(0-16)  100%        4


Dungeon Overview and Level Annotations

Branches:
Dungeon (3/15)

Altars:

Shops:
D:1 *!


Innate Abilities, Weirdness & Mutations

You have a pair of horns on your head.
You reflexively headbutt those who attack you in melee.


Message History

A ribbon worm is nearby!
You are caught in a web!
A ribbon worm is nearby!
You are caught in a web!
The web tears apart.
You hit the ribbon worm. You headbutt the ribbon worm.
The ribbon worm is heavily wounded.
The ribbon worm bites you but does no damage.
The ribbon worm expels a string of sticky webbing.
The stream of webbing misses you.
You hit the ribbon worm. You headbutt the ribbon worm!
You kill the ribbon worm!
No target in view!
No target in view!
You open the door.
There is an open door here.
There is an open door here.
e - 4 scrolls of poison (gained 2) Key pressed, stopping explore.
No target in view!
f - 2 fizzy cyan potions (gained 1)
You open the door.
An ogre comes into view. It is wielding a +0 giant club.
There is an open door here.
An ogre is nearby!
An ogre is nearby!
The ogre hits you with a +0 giant club!
An ogre is nearby!
You completely miss the ogre. You headbutt the ogre!
The ogre is moderately wounded.
You hit the ogre but do no damage.
The ogre is moderately wounded.
The ogre hits you with a +0 giant club!!
Ouch! That really hurt!
* * * LOW HITPOINT WARNING * * *
You barely miss the ogre.
The ogre is moderately wounded.
The ogre hits you with a +0 giant club!!
Ouch! That really hurt!
You die...

######### #..?....#
..#.......#
......O@..##########
#
..........'........##
#
##......$.########..#
# #.######## ##.## #
# #..### ##.... ###..
#.. #..


You could see an ogre.

Vanquished Creatures
  Natasha (D:2)
  A gnoll (D:1)
  2 adders (D:3)
  3 ribbon worms
  4 endoplasms
  4 giant cockroaches (D:1)
  5 goblins
  A hobgoblin (D:1)
  A jackal (D:2)
  2 quokkas (D:2)
  4 ball pythons
  7 bats
  2 frilled lizards (D:2)
  4 kobolds
  6 rats (D:1)
47 creatures vanquished.

Notes
Turn   | Place    | Note
-------+----------+-------------------------------------------
     0 | D:1      | Griffin23 the Minotaur Fighter began the quest for the Orb.
     0 | D:1      | Reached XP level 1. HP: 19/19 MP: 0/0
    48 | D:1      | Reached XP level 2. HP: 18/27 MP: 1/1
   321 | D:1      | Found Wighida's Distillery.
   433 | D:1      | Reached XP level 3. HP: 33/33 MP: 2/2
   632 | D:1      | Found Ustroek's General Store.
   637 | D:1      | Bought a scroll of identify for 26 gold pieces
  1791 | D:2      | Noticed Natasha
  1800 | D:2      | Killed Natasha
  1801 | D:2      | Reached XP level 4. HP: 35/41 MP: 3/3
  2085 | D:3      | Noticed an ogre
  2091 | D:3      | Demolished by an ogre

Illustrated notes

Levels and vault maps discovered:
D:1:      scummos_arrival_hexagon, layout_basic, serial_shops, shop,
          nicolae_shop_industrial_runoff
D:2:      layout_basic, minmay_between, uniq_natasha
D:3:      layout_basic

Skill      XL: |  1  2  3  4 |
---------------+-------------+-----
Long Blades    | 3 4 |  4.0
Armour         | 4 |  4.3
Fighting       | 4 |  4.4
Shields        | 4 |  4.3

Action                     |  1- 3 |  4- 6 || total
---------------------------+-------+-------++-------
  Melee: Long sword        |    92 |    15 ||   107
         Headbutt          |    15 |     7 ||    22
    Use: Scroll            |     1 |       ||     1
 Armour: Scale mail        |   106 |    16 ||   122
  Dodge: Dodged            |    51 |    13 ||    64
  Block: Buckler           |    23 |     4 ||    27

Table legend: (Time is in decaauts)
 A = Elapsed time spent in this place.
 B = Non-inter-level travel time spent in this place.
 C = Inter-level travel time spent in this place.
 D = Time resting spent in this place.
 E = Time spent auto-exploring this place.
 F = Levels seen in this place.
 G = Mean time per level.
                   A        B        C        D        E       F      G
               +--------+--------+--------+--------+--------+-----+--------+
         Total |   2122 |   2021 |    101 |    105 |   1495 |   3 |  707.3 |
       Dungeon |   2122 |   2021 |    101 |    105 |   1495 |   3 |  707.3 |
               +--------+--------+--------+--------+--------+-----+--------+

Top non-repeatable levels by time:
     D:2: 1226 daAuts
     D:1: 716 daAuts
     D:3: 179 daAuts
